 Dungeon Crawl Stone Soup version 0.25.0-11-g1f837a76a1 (webtiles) character file.

Game seed: 5707016009467054409

102 xccam the Cutter (level 4, 0/26 HPs)
             Began as a Tengu Assassin on June 25, 2020.
             Slain by a hound (4 damage)
             ... on level 4 of the Dungeon.
             The game lasted 00:02:55 (2680 turns).

xccam the Cutter (Tengu Assassin)                   Turns: 2680, Time: 00:02:56

Health: 0/26       AC:  2    Str:  7 (11) XL:     4   Next: 77%
Magic:  5/5        EV: 12    Int:  9 (12) God:
Gold:   118        SH:  0    Dex: 16 (18) Spells: 3/3 levels left

rFire    . . .     SeeInvis .   a - +2 dagger
rCold    . . .     Gourm    .   (no shield)
rNeg     . . .     Faith    .   b - +0 robe
rPois    .         Spirit   .   (helmet restricted)
rElec    .         Reflect  .   c - +0 cloak
rCorr    .         Harm     .   (no gloves)
MR       .....                  (boots unavailable)
Stlth    +++.......             (no amulet)
HPRegen  0.08/turn              (no ring)
MPRegen  0.09/turn              (no ring)

@: brilliant, hasted, very quick
A: beak, talons 3, agile 1, deformed body, deterioration 1
a: no special abilities


You were on level 4 of the Dungeon.
You were not hungry.

You visited 1 branch of the dungeon, and saw 4 of its levels.

You collected 118 gold pieces.

Inventory:

Hand Weapons
 a - a +2 dagger (weapon)
Missiles
 d - 8 poisoned darts (quivered)
 e - 2 curare-tipped darts
Armour
 b - a +0 robe (worn)
 c - a +0 cloak (worn)
Jewellery
 j - an uncursed ring of ice
Scrolls
 g - a scroll of teleportation {unknown}
 h - 3 scrolls of blinking
 k - 2 scrolls of magic mapping
 m - 4 scrolls of identify
 n - a scroll of amnesia {unknown}
Potions
 l - a potion of brilliance
 p - 2 potions of curing
 q - a potion of mutation
 u - a potion of might {unknown}
Comestibles
 f - 5 rations
 i - a chunk of flesh


   Skills:
 - Level 2.0 Fighting
 - Level 5.0 Short Blades
 + Level 2.5 Throwing
 - Level 1.1 Dodging
 - Level 4.0 Stealth


You had 3 spell levels left.
You didn't know any spells.
Your spell library was empty.

Dungeon Overview and Level Annotations

Branches:
Dungeon (4/15)
 Temple: D:4-7

Altars:
Gozag
Nemelex Xobeh

Annotations:
D:3 3 runed translucent doors, Yorgos's ghost, weakling GrFi


Innate Abilities, Weirdness & Mutations

You have a beak for a mouth.
You have claws for feet.
You are agile. (Dex +2)
Armour fits poorly on your strangely shaped body.
Your body sometimes deteriorates upon taking damage.


Message History

You hit the hound.
The hound is heavily wounded.
The phantom blinks!
The hound bites you.
* * * LOW HITPOINT WARNING * * *
Your body deteriorates!
You feel weakened.
You hit the hound.
The hound is severely wounded.
You barely miss the hound. Your kick misses the hound.
The hound is severely wounded.
The hound bites you.
* * * LOW HITPOINT WARNING * * *
It was a potion of brilliance.
You feel clever all of a sudden. The hound bites you.
* * * LOW HITPOINT WARNING * * *
It was a potion of degeneration.
There was something very wrong with that liquid.
You feel weakened.
You feel dopey.
You feel clumsy. The hound bites you.
You die...

###################
...................
##.....#.########
#.....#.# .....
#.....#.#......
.#....@#........
......W§ha[......
...#.....#[.......
.. #.....#........
. #.....#........
#.....##.!.....
#.....# .......
#.....# .......
...... ......


You could see a phantom, a hound and a worker ant.

Vanquished Creatures
  3 adders (D:2)
  An ooze (D:1)
  2 dart slugs
  3 leopard geckos
  A ball python (D:3)
  6 bats
  6 giant cockroaches
  9 goblins
  11 hobgoblins
  3 jackals (D:3)
  4 kobolds
  A quokka (D:2)
  A frilled lizard (D:3)
  4 rats
55 creatures vanquished.

Notes
Turn   | Place    | Note
-------+----------+-------------------------------------------
     0 | D:1      | xccam the Tengu Assassin began the quest for the Orb.
     0 | D:1      | Reached XP level 1. HP: 12/12 MP: 2/2
   297 | D:1      | Reached skill level 3 in Short Blades
   297 | D:1      | Reached XP level 2. HP: 17/17 MP: 3/3
   974 | D:1      | Reached XP level 3. HP: 18/21 MP: 4/4
  1221 | D:1      | Reached skill level 4 in Short Blades
  1408 | D:2      | Reached XP level 4. HP: 20/26 MP: 5/5
  2104 | D:3      | Reached skill level 5 in Short Blades
  2172 | D:3      | Found an opulent altar of Gozag.
  2173 | D:3      | Found a sparkling altar of Nemelex Xobeh.
  2307 | D:3      | Found a runed translucent gate.
  2307 | D:3      | Found a runed translucent gate.
  2307 | D:3      | Found a runed translucent gate.
  2309 | D:3      | Found an opulent altar of Gozag.
  2311 | D:3      | Noticed an ice beast
  2312 | D:3      | Noticed Yorgos's ghost (weakling GrFi)
  2651 | D:4      | Noticed a phantom
  2661 | D:4      | Gained mutation: Armour fits poorly on your strangely
                  | shaped body. [potion of mutation]
  2661 | D:4      | Gained mutation: Your body sometimes deteriorates upon
                  | taking damage. [potion of mutation]
  2661 | D:4      | Gained mutation: You are agile. (Dex +2) [potion of
                  | mutation]
  2680 | D:4      | Slain by a hound

Illustrated notes

Levels and vault maps discovered:
D:1:      lightli_iron_boxes, layout_basic
D:2:      kennysheep_big_flooded_room, layout_loops_ring, first_ration,
          minmay_hexomino_c4
D:3:      layout_rooms, grunt_temple_overflow_opulence, ebering_ghost_gozag
D:4:      layout_basic, lemuel_coloured_pillars_altar, serial_shops,
          nicolae_shop_statue_plus

Skill      XL: |  1  2  3  4 |
---------------+-------------+-----
Short Blades   | 3 4 5 |  5.0
Fighting       | |  2.0
Throwing       | |  2.5
Dodging        | |  1.1
Stealth        | |  4.0

Action                   |  1- 3 |  4- 6 || total
-------------------------+-------+-------++-------
Melee: Dagger            |    66 |    73 ||   139
       Peck              |    11 |     8 ||    19
       Kick              |    13 |    17 ||    30
  Use: Scroll            |       |     5 ||     5
       Potion            |       |     4 ||     4
 Stab: Sleeping          |     6 |     4 ||    10
  Eat: Chunk             |     1 |     4 ||     5
Armor: Robe              |     9 |    12 ||    21
Dodge: Dodged            |    26 |    38 ||    64
